 Dungeon Crawl Stone Soup version 0.28-a0-533-g9f97627e2a (webtiles) character file.

Game seed: 6061510091590903213

79 Gwenloh the Chiller (level 4, -1/30 HPs)
             Began as a Barachi Ice Elementalist on Sept 25, 2021.
             Slain by a bullfrog skeleton (3 damage)
             ... on level 3 of the Dungeon.
             The game lasted 00:07:17 (2289 turns).

Gwenloh the Chiller (Barachi Ice Elementalist)      Turns: 2289, Time: 00:07:18

Health: -1/30      AC:  3    Str:  9    XL:     4   Next: 37%
Magic:  6/9        EV: 12    Int: 16    God:
Gold:   88         SH:  0    Dex: 13    Spells: 3/10 levels left

rFire   . . .      SeeInvis .   f - +0 dagger
rCold   + . .      Faith    .   (no shield)
rNeg    . . .      Spirit   .   a - +0 robe
rPois   .          Reflect  .   (no helmet)
rElec   .          Harm     .   (no cloak)
rCorr   .          Rampage  .   j - +0 pair of gloves
Will    .....                   (no boots)
Stlth   ++........              (no amulet)
HPRegen 0.10/turn               d - ring of protection from cold
MPRegen 0.11/turn               (no ring)

@: slow
A: amphibious, slowness 1, strong legs 1, +LOS
a: Hop


You were on level 3 of the Dungeon.
You visited 1 branch of the dungeon, and saw 3 of its levels.

You collected 88 gold pieces.

Inventory:

Hand Weapons
 b - a +0 hunting sling
 f - a +0 dagger (weapon)
Missiles
 c - 6 javelins
 e - 145 stones (quivered)
 l - 24 sling bullets
 q - 6 boomerangs
Armour
 a - a +0 robe (worn)
 j - a +0 pair of gloves (worn)
Jewellery
 d - a ring of protection from cold (left hand)
Wands
 m - a wand of acid (8)
Scrolls
 i - a scroll of amnesia {unknown}
 p - a scroll of magic mapping {unknown}
Potions
 g - a potion of invisibility {unknown}
 h - a potion of might {unknown}
 k - 4 potions of attraction {unknown}
 n - a potion of curing {unknown}
 o - a potion of lignification {unknown}


   Skills:
 - Level 2.1 Dodging
 - Level 1.7 Stealth
 + Level 3.5 Spellcasting
 + Level 6.0 Ice Magic


You had 3 spell levels left.
You knew the following spells:

 Your Spells              Type           Power      Damage    Failure   Level
a - Freeze                Ice            88%        1d10      1%          1
b - Frozen Ramparts       Ice            44%        1d6       4%          3
c - Ozocubu's Armour      Ice            22%        N/A       4%          3

Your spell library contained the following spells:

 Spells                   Type           Power      Damage    Failure   Level
 Hailstorm                Conj/Ice       12%        3d5       45%         4


Dungeon Overview and Level Annotations

Branches:
Dungeon (3/15)

Altars:
Wu Jian

Shops:
D:3 ?


Innate Abilities, Weirdness & Mutations

You are amphibious.
You cover ground slowly.
You can hop short distances.
You have an extended range of vision and can be seen from far away.


Message History

Unknown command.
f - a +0 dagger (weapon)
You hit the bullfrog skeleton.
The bullfrog skeleton is lightly damaged.
The frozen ramparts melt away.
The bullfrog skeleton hits you.
The bullfrog skeleton completely misses you.
You hit the bullfrog skeleton.
The bullfrog skeleton is moderately damaged.
The bullfrog skeleton hits you.
You hit the bullfrog skeleton.
The bullfrog skeleton is moderately damaged.
The bullfrog skeleton misses you.
You hit the bullfrog skeleton.
The bullfrog skeleton is heavily damaged.
The bullfrog skeleton hits you.
You barely miss the bullfrog skeleton.
The bullfrog skeleton is heavily damaged.
The bullfrog skeleton hits you.
The bullfrog skeleton hits you but does no damage.
You hit the bullfrog skeleton.
The bullfrog skeleton is heavily damaged.
The bullfrog skeleton hits you.
* * * LOW HITPOINT WARNING * * *
You hit the bullfrog skeleton.
The bullfrog skeleton is heavily damaged.
The bullfrog skeleton hits you.
* * * LOW HITPOINT WARNING * * *
You hit the bullfrog skeleton.
The bullfrog skeleton is severely damaged.
The bullfrog skeleton barely misses you.
The bullfrog skeleton hits you.
* * * LOW HITPOINT WARNING * * *
You hit the bullfrog skeleton.
The bullfrog skeleton is severely damaged.
The bullfrog skeleton hits you.
* * * LOW HITPOINT WARNING * * *
You hit the bullfrog skeleton.
The bullfrog skeleton is almost destroyed.
The bullfrog skeleton hits you.
You die...

#.##..)##.# #.#
#.......
#.##...##.# #.#
#.......
#.##...##.# #.#
#.......
#.##...##.# #.#
#.......
#.##...##.#######.#
#.......
#..'...'...)).....#
########
####...##.#########
#...##.#.....#
#...##.#.###@#
######.#.# #Z##
#.#.# #..# ####
#.#.###..# .....
#.#.#....##.r....
#.#.#..(∩........
#.#.####....#####
#.#.# #..### #.#.#
...#


You could see a bullfrog skeleton.

Vanquished Creatures
  2 adders (D:2)
  4 dart slugs
  3 orcs (D:3)
  2 bats (D:2)
  3 endoplasms
  5 goblins
  3 hobgoblins
  4 jackals (D:1)
  6 kobolds
  3 quokkas
  5 ball pythons
  2 frilled lizards
  4 rats
46 creatures vanquished.

Vanquished Creatures (others)
  10 fungi (D:1)
10 creatures vanquished.

Grand Total: 56 creatures vanquished

Notes
Turn   | Place    | Note
-------+----------+-------------------------------------------
     0 | D:1      | Gwenloh the Barachi Ice Elementalist began the quest for
                  | the Orb.
     0 | D:1      | Reached XP level 1. HP: 13/13 MP: 3/3
   114 | D:1      | Reached skill level 5 in Ice Magic
   203 | D:1      | Reached XP level 2. HP: 19/19 MP: 3/5
   613 | D:1      | Found a faded altar of an unknown god.
   798 | D:1      | Reached XP level 3. HP: 24/24 MP: 5/7
   993 | D:1      | Learned a level 3 spell: Frozen Ramparts
   997 | D:1      | Learned a level 3 spell: Ozocubu's Armour
  1399 | D:2      | Found an ornate altar of the Wu Jian Council.
  1518 | D:2      | Reached XP level 4. HP: 30/30 MP: 6/9
  2212 | D:3      | Found Roshipue's Magic Scroll Shoppe.
  2272 | D:3      | Reached skill level 6 in Ice Magic
  2289 | D:3      | Slain by a bullfrog skeleton

Illustrated notes

Levels and vault maps discovered:
D:1:      scummos_arrival_checkerplants, layout_loops_ring,
          ebering_ecumenical_altar_mist
D:2:      layout_basic, basic_altar, hangedman_decor_push
D:3:      layout_basic, serial_shops, nicolae_square_shop, uniq_sigmund,
          uniq_crazy_yiuf_cottage, uniq_natasha

Skill      XL: |  1  2  3  4 |
---------------+-------------+-----
Ice Magic      | 5 6 |  6.0
Spellcasting   | 3 |  3.5
Dodging        | |  2.1
Stealth        | |  1.7

Action                   |  1- 3 |  4- 6 || total
-------------------------+-------+-------++-------
Melee: Dagger            |     7 |    10 ||    17
 Fire: Hunting sling     |       |     2 ||     2
Throw: Javelin           |    10 |       ||    10
       Stone             |    15 |    22 ||    37
 Cast: Freeze            |    33 |    10 ||    43
       Frozen Ramparts   |     4 |     8 ||    12
 Stab: Sleeping          |     1 |       ||     1
Armor: Robe              |     3 |     4 ||     7
Dodge: Dodged            |    27 |     8 ||    35

Table legend: (Time is in decaauts)
 A = Elapsed time spent in this place.
 B = Non-inter-level travel time spent in this place.
 C = Inter-level travel time spent in this place.
 D = Time resting spent in this place.
 E = Time spent auto-exploring this place.
 F = Levels seen in this place.
 G = Mean time per level.
                   A        B        C        D        E       F      G
               +--------+--------+--------+--------+--------+-----+--------+
         Total |   2550 |   2494 |     56 |    268 |   1783 |   3 |  850.0 |
       Dungeon |   2550 |   2494 |     56 |    268 |   1783 |   3 |  850.0 |
               +--------+--------+--------+--------+--------+-----+--------+

Top non-repeatable levels by time:
     D:1: 1151 daAuts
     D:2: 965 daAuts
     D:3: 433 daAuts
